 Dungeon Crawl Stone Soup version 0.27-a0-1105-g946c659c87 (webtiles) character file.

Game seed: 1179997838532533365

310 Feb132020 the Firebug (level 6, 0/33 HPs)
             Began as a Deep Elf Fire Elementalist on Apr 29, 2021.
             Slain by an ogre
             ... wielding a +0 giant club
              (33 damage)
             ... on level 5 of the Dungeon.
             The game lasted 00:13:59 (2770 turns).

Feb132020 the Firebug (Deep Elf Fire Elementalist)  Turns: 2770, Time: 00:13:59

Health: 0/33       AC:  3    Str:  5    XL:     6   Next: 18%
Magic:  10/14      EV: 13    Int: 21    God:
Gold:   125        SH:  0    Dex: 16    Spells: 10/14 levels left

rFire    . . .     SeeInvis .   l - +0 quick blade
rCold    . . .     Faith    .   (no shield)
rNeg     . . .     Spirit   .   a - +0 robe
rPois    .         Reflect  .   c - +1 hat
rElec    .         Harm     .   (no cloak)
rCorr    .         Rampage  .   (no gloves)
Will     .....                  (no boots)
Stlth    +++.......             j - amulet of regeneration
HPRegen  1.11/turn              (no ring)
MPRegen  0.14/turn              (no ring)

@: no status effects
A: no striking features
a: no special abilities


You were on level 5 of the Dungeon.
You visited 1 branch of the dungeon, and saw 5 of its levels.

You collected 125 gold pieces.

Inventory:

Hand Weapons
 f - a +0 short sword
 l - a +0 quick blade (weapon)
Armour
 a - a +0 robe (worn)
 c - a +1 hat (worn)
Jewellery
 j - an amulet of regeneration (around neck)
Scrolls
 d - a scroll of immolation {unknown}
 e - 3 scrolls of teleportation
 g - a scroll of fog {unknown}
 h - a scroll of fear {unknown}
 i - a scroll of blinking
 k - a scroll of enchant armour {unknown}
 n - a scroll of noise {unknown}
Potions
 b - 2 potions of curing {unknown}
 m - a potion of attraction {unknown}
 o - a potion of might {unknown}
 p - a potion of degeneration {unknown}


   Skills:
 + Level 0.7 Fighting
 + Level 2.5 Short Blades
 + Level 3.1 Dodging
 + Level 4.0 Stealth
 + Level 4.5 Spellcasting
 + Level 2.1 Conjurations
 + Level 4.8 Fire Magic


You had 10 spell levels left.
You knew the following spells:

 Your Spells              Type           Power      Damage    Failure   Level
a - Foxfire               Conj/Fire      76%        2x1d7     2%          1
b - Conjure Flame         Conj/Fire      19%        6-21      9%          3

Your spell library contained the following spells:

 Spells                   Type           Power      Damage    Failure   Level
 Inner Flame              Hex/Fire       14%        N/A       13%         3
 Sticky Flame             Conj/Fire      19%        2d4       26%         4
 Fireball                 Conj/Fire      9%         3d6       58%         5


Dungeon Overview and Level Annotations

Branches:
Dungeon (5/15)
 Temple: D:4-7

Altars:
Hepliaklqana
Wu Jian

Shops:
D:2 :

Annotations:
D:3 2 transporters, Gilette's ghost, amateur SpEn
D:4 Edmund


Message History

The foxfire hits Edmund but does no damage.
Edmund is lightly wounded.
The foxfire hits Edmund but does no damage.
Edmund is lightly wounded.
Casting: Foxfire (safe; 2% risk of failure)
Confirm with . or Enter, or press ? or * to list all spells.
You conjure some foxfire!
Casting: Foxfire (safe; 2% risk of failure)
Confirm with . or Enter, or press ? or * to list all spells.
You conjure some foxfire!
The foxfire hits Edmund.
Edmund is lightly wounded.
The foxfire hits Edmund but does no damage.
Edmund is lightly wounded.
Casting: Foxfire (safe; 2% risk of failure)
Confirm with . or Enter, or press ? or * to list all spells.
You conjure some foxfire!
The foxfire hits Edmund.
Edmund is moderately wounded.
The foxfire hits Edmund.
Edmund is moderately wounded.
The foxfire hits Edmund but does no damage.
Edmund is moderately wounded.
The foxfire hits Edmund.
Edmund is moderately wounded.
Found a stone staircase leading down.
There is a stone staircase leading down here.
You climb downwards.
A scorpion and an ogre come into view.
Found a quarterstaff and 20 stones.
There is a stone staircase leading up here.
Found a lumpy silvery potion.
The helpless ogre fails to defend itself.
You puncture the ogre!
The ogre is heavily wounded.
Found 11 gold pieces.
Casting: Foxfire (safe; 2% risk of failure)
Confirm with . or Enter, or press ? or * to list all spells.
You conjure some foxfire!
The ogre hits you with a +0 giant club!!
Ouch! That really hurt!
You die...

..........## #....
...........##.....
...........#......
#..... ...........
......##........
..............##
.........v.....##
.......<##@....!#
##.#..)..vO(.....#
##..#.s...#...$
#...#.###.# ...
##....# ... .
##...# ....# #....
...# ##... ....
##..


You could see an ogre (ally target) and a scorpion.

Vanquished Creatures
  Sigmund (D:2)
  A water moccasin skeleton (D:4)
  3 adders (D:2)
  A worm (D:3)
  4 dart slugs
  2 orcs
  6 bats
  3 endoplasms
  A giant cockroach (D:2)
  4 goblins
  9 hobgoblins
  2 jackals (D:1)
  4 kobolds
  7 quokkas
  8 ball pythons
  3 frilled lizards
  6 rats
65 creatures vanquished.

Vanquished Creatures (others)
  124 foxfires
124 creatures vanquished.

Grand Total: 189 creatures vanquished

Notes
Turn   | Place    | Note
-------+----------+-------------------------------------------
     0 | D:1      | Feb132020 the Deep Elf Fire Elementalist began the quest
                  | for the Orb.
     0 | D:1      | Reached XP level 1. HP: 10/10 MP: 6/6
   246 | D:1      | Reached XP level 2. HP: 11/15 MP: 4/8
   460 | D:1      | Found a faded altar of an unknown god.
   890 | D:1      | Reached XP level 3. HP: 19/19 MP: 6/10
  1139 | D:1      | Learned a level 3 spell: Conjure Flame
  1498 | D:2      | Reached XP level 4. HP: 17/24 MP: 8/11
  1584 | D:2      | Noticed Sigmund
  1591 | D:2      | Killed Sigmund
  1592 | D:2      | Reached XP level 5. HP: 28/28 MP: 6/13
  1847 | D:2      | Found Wyanigaj's Book Shoppe.
  2190 | D:3      | Found an ornate altar of the Wu Jian Council.
  2190 | D:3      | Found a hazy altar of Hepliaklqana.
  2441 | D:3      | Found a transporter.
  2442 | D:3      | Noticed Gilette's ghost (amateur SpEn)
  2443 | D:3      | Noticed an ogre
  2453 | D:3      | Identified the +6 great mace of Doubt {vorpal, Dex+4}
  2453 | D:3      | Noticed an ogre
  2466 | D:3      | Found a transporter.
  2736 | D:4      | Noticed Edmund
  2737 | D:4      | Reached XP level 6. HP: 13/33 MP: 12/14
  2764 | D:5      | Entered Level 5 of the Dungeon
  2770 | D:5      | Slain by an ogre

Illustrated notes

Levels and vault maps discovered:
D:1:      saegor_arrival_simple_d, layout_loops_ring,
          shapermc_ecumenical_altar_gd, minmay_box_of_dots
D:2:      layout_basic, serial_shops, shop, grunt_ministairs_8, uniq_sigmund
D:3:      layout_basic, gammafunk_temple_overflow_statue, gammafunk_ghost_smash
D:4:      layout_basic, lemuel_crystal_altar, led_xom_imps, minmay_pentangle,
          uniq_crazy_yiuf_cottage, uniq_pikel, uniq_edmund
D:5:      layout_cave_pools

Skill      XL: |  1  2  3  4  5 |
---------------+----------------+-----
Fire Magic     | 4 |  4.8
Stealth        | 3 4 |  4.0
Short Blades   | 2 |  2.5
Spellcasting   | 4 |  4.5
Conjurations   | 2 |  2.1
Dodging        | 3 |  3.1
Fighting       | |  0.7

Action                   |  1- 3 |  4- 6 || total
-------------------------+-------+-------++-------
Melee: Short sword       |    19 |       ||    19
       Quick blade       |    18 |    51 ||    69
 Cast: Foxfire           |    43 |    28 ||    71
  Use: Scroll            |     1 |     1 ||     2
 Stab: Sleeping          |     6 |     5 ||    11
       Distracted        |     1 |       ||     1
Armor: Robe              |    11 |     5 ||    16
Dodge: Dodged            |    35 |    23 ||    58

Table legend: (Time is in decaauts)
 A = Elapsed time spent in this place.
 B = Non-inter-level travel time spent in this place.
 C = Inter-level travel time spent in this place.
 D = Time resting spent in this place.
 E = Time spent auto-exploring this place.
 F = Levels seen in this place.
 G = Mean time per level.
                   A        B        C        D        E       F      G
               +--------+--------+--------+--------+--------+-----+--------+
         Total |   2744 |   2705 |     39 |      2 |   2201 |   5 |  548.8 |
       Dungeon |   2744 |   2705 |     39 |      2 |   2201 |   5 |  548.8 |
               +--------+--------+--------+--------+--------+-----+--------+

Top non-repeatable levels by time:
     D:1: 1142 daAuts
     D:3: 810 daAuts
     D:2: 750 daAuts
     D:4: 35 daAuts
     D:5: 5 daAuts
